Map: Hardwire LE

Players

Pumba - Winner!

  • Race: Protoss Protoss
  • League: Diamond
  • Spawn Location: 7:00

Lambda

  • Race: Zerg Zerg
  • League: Diamond
  • Spawn Location: 1:00

VOD

Have the link to the VOD?

Description

Time

  • Played on: Feb. 15, 2022, 9:41 p.m.
  • Length: 10:35
Show
View Real Time Build Order
Export as new Build Order

Pumba Protoss - Winner!

Build Orders: 1 Gate Expand, Archon Immortal, Archon Drop, Dark Templar Rush 

Get SALT Encoding   

  12  0:00  Probe  
  13  0:13  Probe  
  14  0:19  Pylon  
  14  0:25  Probe  
  15  0:37  Probe (Chrono Boost)  
  15  0:38  Gateway  
  16  0:47  Assimilator  
  16  0:49  Probe (Chrono Boost)  
  17  0:55  Probe (Chrono Boost)  
  18  1:03  Probe  
  19  1:16  Probe  
  20  1:28  Probe  
  20  1:31  Nexus  
  21  1:38  Cybernetics Core  
  21  1:41  Probe  
  22  1:48  Assimilator  
  22  1:52  Pylon  
  22  1:55  Probe  
  22  2:12  Gateway  
  22  2:13  Adept (Chrono Boost)  
  22  2:19  Pylon  
  22  2:21  Probe  
  25  2:33  Probe (Chrono Boost)  
  25  2:34  Warp Gate  
  26  2:45  Probe (Chrono Boost)  
  26  2:47  Twilight Council  
  28  2:51  Probe (Chrono Boost)  
  28  2:54  Probe (Chrono Boost)  
  28  2:55  Stalker (Chrono Boost)  
  31  3:03  Probe x2  
  33  3:10  Robotics Facility  
  33  3:19  Probe (Chrono Boost)  
  35  3:22  Probe (Chrono Boost)  
  35  3:26  Adept  
  37  3:33  Probe (Chrono Boost)  
  37  3:34  Probe (Chrono Boost)  
  39  3:41  Probe  
  39  3:43  Probe  
  41  3:53  Probe  
  41  3:55  Probe  
  43  3:58  Dark Shrine  
  43  4:00  Gateway x2  
  43  4:01  Gateway  
  43  4:06  Probe  
  43  4:07  Probe  
  45  4:11  Warp Prism (Chrono Boost)  
  47  4:18  Probe  
  47  4:19  Pylon  
  47  4:20  Probe  
  49  4:34  Probe  
  50  4:38  Assimilator  
  50  4:40  Probe, Pylon  
  50  4:41  Assimilator  
  50  4:43  Pylon  
  51  4:47  Probe  
  51  4:52  Probe  
  53  4:59  Probe  
  54  5:05  Probe  
  55  5:11  Probe  
  55  5:12  Nexus  
  55  5:13  Pylon  
  56  5:19  Dark Templar x3  
  56  5:20  Dark Templar  
  64  5:24  Archon x2  
  64  5:28  Probe x2  
  66  5:58  Probe x2  
  66  6:01  Shield Battery  
  66  6:02  Observer (Chrono Boost)  
  66  6:03  Sentry x2  
  66  6:04  Sentry, Pylon  
  75  6:09  Charge (Chrono Boost)  
  75  6:10  Probe  
  76  6:12  Robotics Facility  
  76  6:13  Forge  
  76  6:21  Probe  
  76  6:22  Probe  
  78  6:26  Gateway  
  78  6:28  Gateway  
  78  6:29  Gateway x2  
  78  6:32  Probe  
  79  6:33  Probe, Pylon  
  79  6:35  Probe  
  79  6:36  Assimilator  
  81  6:40  Assimilator  
  81  6:44  Probe  
  82  6:47  Protoss Ground Weapons Level 1 (Chrono Boost)  
  82  6:49  Immortal x2  
  82  6:52  Observer, Probe  
  82  6:53  Probe  
  92  7:01  Observer  
  92  7:03  Observer  
  92  7:15  Probe x3  
  94  7:17  Zealot x4  
  103  7:28  Immortal (Chrono Boost)  
  103  7:29  Immortal (Chrono Boost)  
  112  7:30  Probe  
  112  7:38  Probe  
  112  7:39  Templar Archives  
  112  7:41  Probe  
  112  7:42  Pylon  
  114  7:44  Pylon  
  114  7:45  Pylon  
  114  7:46  Pylon x2  
  114  7:58  Pylon  
  114  8:01  Pylon  
  114  8:02  Immortal (Chrono Boost)  
  118  8:06  Pylon  
  118  8:07  Psionic Storm  
  118  8:16  Probe  
  118  8:19  High Templar x6  
  131  8:20  Nexus  
  131  8:22  Pylon  
  131  8:24  Pylon  
  131  8:25  Photon Cannon  
  131  8:27  Photon Cannon x2  
  131  8:38  Observer (Chrono Boost)  
  132  8:44  High Templar  
  132  8:45  High Templar  
  140  8:49  Archon, Immortal (Chrono Boost)  
  140  9:02  High Templar  
  140  9:03  Zealot x4, High Templar  
  152  9:13  Gateway  
  152  9:17  Gateway  
  152  9:18  Photon Cannon  
  152  9:19  Gateway  
  152  9:21  Archon, Gateway  
  152  9:45  Zealot x8  
  160  10:06  Assimilator  
  156  10:08  Assimilator  
  152  10:21  Zealot x8  
  144  10:28  Zealot x4  
Show
View Real Time Build Order
Export as new Build Order

Lambda Zerg 

Build Orders: Pool First, Roach Hydra 

Get SALT Encoding   

  12  0:00  Drone  
  13  0:12  Overlord  
  13  0:16  Drone  
  14  0:30  Drone x2  
  14  0:34  Drone  
  17  0:44  Spawning Pool  
  17  0:46  Drone  
  17  1:06  Hatchery  
  17  1:10  Drone  
  17  1:24  Extractor  
  16  1:30  Zergling x6  
  19  1:33  Queen  
  21  1:47  Overlord  
  21  1:56  Drone  
  22  2:06  Drone  
  23  2:09  Queen  
  25  2:29  Drone x4  
  29  2:37  Queen  
  30  2:48  Drone  
  30  2:49  Drone x4  
  35  2:54  Drone  
  35  3:06  Pneumatized Carapace  
  34  3:13  Drone  
  34  3:14  Overlord  
  35  3:21  Overlord  
  35  3:26  Queen, Hatchery  
  35  3:35  Zergling x2  
  35  3:36  Zergling x4  
  35  3:39  Drone x6  
  44  3:54  Metabolic Boost  
  45  3:55  Drone x5  
  45  4:01  Drone  
  50  4:12  Drone x2  
  50  4:13  Overlord  
  52  4:19  Spore Crawler  
  52  4:20  Spore Crawler  
  52  4:23  Drone x2  
  52  4:24  Roach Warren  
  52  4:25  Extractor x2  
  52  4:27  Overlord  
  49  4:33  Drone  
  49  4:34  Drone  
  51  4:39  Queen  
  51  4:42  Drone  
  51  4:43  Drone x7  
  61  4:55  Overlord  
  61  4:59  Overlord  
  61  5:01  Overlord  
  61  5:11  Queen  
  63  5:17  Roach x5  
  73  5:24  Drone  
  74  5:31  Roach x8  
  74  5:33  Extractor  
  89  5:42  Overlord x2  
  89  5:44  Overlord x2  
  86  5:51  Spore Crawler  
  85  5:59  Overlord  
  85  6:00  Lair  
  85  6:04  Overlord  
  85  6:07  Drone x8, Evolution Chamber  
  92  6:16  Overlord  
  92  6:17  Drone x3  
  95  6:23  Drone  
  95  6:24  Drone  
  97  6:33  Zerg Missile Weapons Level 1  
  97  6:36  Drone x9  
  102  7:03  Overlord  
  102  7:04  Glial Reconstitution, Drone x12  
  114  7:16  Overseer  
  114  7:18  Hatchery  
  114  7:22  Extractor x2  
  111  7:24  Hydralisk Den  
  111  7:26  Queen  
  112  7:31  Overlord  
  112  7:33  Drone x9  
  121  7:45  Overlord  
  121  7:48  Overseer  
  121  7:56  Overlord  
  121  7:58  Grooved Spines  
  121  8:00  Hydralisk x4  
  121  8:01  Hydralisk x6  
  141  8:18  Roach x7  
  155  8:23  Overlord  
  155  8:26  Overlord  
  155  8:32  Hydralisk x7  
  155  8:33  Infestation Pit  
  168  8:53  Hydralisk x10, Overlord  
  188  9:01  Extractor x2  
  186  9:09  Muscular Augments, Roach x3  
  192  9:10  Overlord  
  192  9:11  Overlord  
  200  9:24  Roach x4  
  200  9:35  Spore Crawler  
  200  9:36  Spine Crawler  
  200  9:37  Spine Crawler  
  197  9:39  Drone x3  
  197  9:40  Spine Crawler  
  197  9:41  Spore Crawler  
  169  10:08  Hydralisk x2  
  169  10:09  Hydralisk x14  
Tags
 
Add a new tag
Caveats
  • Supply blocks, unpowered buildings, or Contaminate may cause inaccurate times.
  • Supply counts are checked every 10 seconds.